 Dungeon Crawl Stone Soup version 0.30-a0-778-g2ef04afb54 (webtiles) character file.

Game seed: 7214553002794183858

9915 Smoke131 the Fighter (level 11, -14/117 HPs)
             Began as an Ogre Gladiator on Feb 17, 2023.
             Was a High Priest of Okawaru.
             Demolished by a torpor snail (19 damage)
             ... on level 2 of the Lair of Beasts.
             The game lasted 00:37:21 (9950 turns).

Smoke131 the Fighter (Ogre Gladiator)               Turns: 9950, Time: 00:37:21

Health: -14/117    AC:  9    Str: 20    XL:     11   Next: 53%
Magic:  17/17      EV: 14    Int:  9    God:    Okawaru [*****.]
Gold:   496        SH:  0    Dex: 14    Spells: 10/10 levels left

rFire   . . .      SeeInvis .    M - +8 frozen axe "Frostbite" {freeze, freezing cloud, *Noise Fly rC+}
rCold   + + .      Faith    .    (shield currently unavailable)
rNeg    . . .      Spirit   .    L - +0 steam dragon scales
rPois   +          Reflect  .    c - +1 hat
rElec   .          Harm     .    B - +1 cloak
rCorr   .          Rampage  .    (gloves unavailable)
Will    +....                    (boots unavailable)
Stlth   +                        z - amulet of regeneration
HPRegen 1.19/turn                m - ring of protection from cold
MPRegen 0.15/turn                P - ring of poison resistance

@: flying, slowed, very slow
A: large, unfitting armour, tough skin 1
a: Renounce Religion, Heroism, Finesse, Duel


You were on level 2 of the Lair of Beasts.
You worshipped Okawaru.
Okawaru was extremely pleased with you.
You visited 3 branches of the dungeon, and saw 13 of its levels.

You collected 796 gold pieces.
You spent 300 gold pieces at shops.

Inventory:

Hand Weapons
 s - a +3 trident of protection
 K - a +1 broad axe of flaming
 M - the +8 frozen axe "Frostbite" (weapon) {freeze, freezing cloud, *Noise Fly rC+}
   (You found it on level 9 of the Dungeon)

   rC:        It protects you from cold.
   Fly:       It grants you flight.
   *Noise:    It may make noises in combat.
Missiles
 d - 3 throwing nets
 l - 50 stones
 D - 7 large rocks (quivered)
 H - 4 silver javelins
 I - 3 atropa-tipped darts
 N - 4 poisoned darts
 Q - a boomerang
Armour
 c - a +1 hat (worn)
 B - a +1 cloak (worn)
 L - +0 steam dragon scales (worn)
Jewellery
 m - a ring of protection from cold (left hand)
 z - an amulet of regeneration (around neck)
 P - a ring of poison resistance (right hand)
Wands
 v - a wand of flame (11)
 J - a wand of mindburst (6)
 O - a wand of polymorph (6)
Scrolls
 a - 2 scrolls of identify
 e - a scroll of silence
 i - 2 scrolls of fog
 j - 2 scrolls of enchant armour
 q - 2 scrolls of poison
 r - 3 scrolls of teleportation
 u - 2 scrolls of amnesia
 w - 2 scrolls of enchant weapon
 y - 3 scrolls of magic mapping
 A - a scroll of acquirement {unknown}
 C - 3 scrolls of vulnerability
 E - a scroll of noise {unknown}
 G - 2 scrolls of fear
Potions
 f - a potion of cancellation
 g - 4 potions of mutation
 h - 6 potions of curing
 k - a potion of ambrosia
 n - 3 potions of flight
 o - 3 potions of attraction
 x - a potion of resistance
 F - a potion of magic


   Skills:
 - Level 10.0 Fighting
 + Level 5.4 Axes
 + Level 9.7 Throwing
 + Level 9.2 Dodging
 + Level 8.8 Invocations


You had 10 spell levels left.
You didn't know any spells.
Your spell library contained the following spells:

 Spells                   Type           Power      Damage    Failure   Level
 Apportation              Tloc           0%         N/A       38%         1
 Freeze                   Ice            0%         1d3       38%         1
 Magic Dart               Conj           0%         1d3       38%         1
 Necrotise                Necr           0%         1d4       38%         1
 Sandblast                Erth           0%         2d4       38%         1
 Shock                    Conj/Air       0%         1d3       38%         1
 Slow                     Hex            0%         N/A       38%         1
 Blink                    Tloc           0%         N/A       52%         2
 Lesser Beckoning         Tloc           0%         N/A       52%         2
 Momentum Strike          Conj/Tloc      0%         3d8       52%         2
 Passwall                 Tmut/Erth      0%         N/A       52%         2
 Confusing Touch          Hex            0%         N/A       77%         3
 Frozen Ramparts          Ice            0%         1d1       77%         3
 Hailstorm                Conj/Ice       0%         3d3       77%         3
 Ignite Poison            Fire/Tmut/Pois 0%         N/A       77%         3
 Kindle Blastsparks       Fire/Tloc/Air  0%         2d10      77%         3
 Mephitic Cloud           Conj/Pois/Air  0%         N/A       77%         3
 Stone Arrow              Conj/Erth      0%         3d7       77%         3
 Swiftness                Air            0%         N/A       77%         3
 Vampiric Draining        Necr           0%         2d6       77%         3
 Vhi's Electric Charge    Tloc/Air       0%         N/A       77%         3
 Airstrike                Air            0%         2d(0-16)  99%         4
 Fulminant Prism          Conj/Hex       0%         3d5       99%         4
 Iskenderun's Mystic Bla  Conj/Tloc      0%         2d3       99%         4
 Olgreb's Toxic Radiance  Pois           0%         N/A       99%         4
 Arcjolt                  Conj/Air       0%         1d10      100%        5
 Freezing Cloud           Conj/Ice/Air   0%         6-21      100%        5
 Lee's Rapid Deconstruct  Erth           0%         3d4*      100%        5
 Orb of Destruction       Conj           0%         9d5       100%        7
 Ozocubu's Refrigeration  Ice            0%         4d7       100%        7
 Ignition                 Fire           0%         3d3       100%        8
 Maxwell's Capacitive Co  Air            0%         ∞         100%        8
 Summon Small Mammal      Summ           Unusable   N/A       N/A         1
 Call Imp                 Summ           Unusable   N/A       N/A         2
 Summon Guardian Golem    Hex/Summ       Unusable   N/A       N/A         3
 Spellforged Servitor     Conj/Summ      Unusable   N/A       N/A         7

Dungeon Overview and Level Annotations

Branches:
Dungeon (10/15)            Temple (1/1) D:5            Lair (2/5) D:10
 Spider (0/4) Lair:2          Orc (0/2) D:9
  Swamp: Lair:2-3    Shoals: Lair:2-3

Altars:
Ashenzari
Dithmenos
Elyvilon
Gozag
Kikubaaqudgha
Makhleb
Okawaru
Ru
Trog
Uskayaw
Vehumet
Wu Jian
Xom
Yredelemnul
Zin
The Shining One

Shops:
D:3 *   D:4 ***[:   D:6 ?

Annotations:
D:4 1 runed translucent door, xian's ghost, amateur TrFi
Lair:1 3 runed translucent doors, domi's ghost, journeyman DsCj
Lair:2 Urug


Innate Abilities, Weirdness & Mutations

You are too large for most types of armour.
You have tough skin. (AC +1)


Message History

The scorpion is engulfed in freezing vapours.
The scorpion closely misses you.
The scorpion is engulfed in freezing vapours.
The torpor snail bites you! The scorpion barely misses you.
The torpor snail bites you!
You slice the scorpion!! You freeze the scorpion.
You kill the scorpion!
Okawaru accepts your kill.
You slash Urug! You freeze Urug. You slice the torpor snail!!
You freeze the torpor snail. Urug barely misses you.
The torpor snail bites you! Urug closely misses you.
You slash the torpor snail! You freeze the torpor snail.
You hear ice groaning.
The torpor snail is severely wounded.
You barely miss Urug.
You hear a croak.
You hear a loud, deep croak!
You hear an angry hiss.
You hear a croak.
You hear a loud, deep croak!
Urug hits you with a +0 scimitar of flaming!
Urug burns you.
The torpor snail bites you but does no damage.
The scorpion closely misses you.
Urug hits you with a +0 scimitar of flaming!!
Urug burns you. The torpor snail bites you. The scorpion barely misses you.
You hit the torpor snail but do no damage.
The torpor snail is severely wounded.
You closely miss Urug. You hit the scorpion but do no damage.
Urug hits you with a +0 scimitar of flaming!
Urug burns you!
* * * LOW HITPOINT WARNING * * *
The scorpion is engulfed in freezing vapours.
The scorpion misses you.
Urug howls with blood-lust.
Urug hits you with a +0 scimitar of flaming!!
* * * LOW HITPOINT WARNING * * *
Urug burns you!
* * * LOW HITPOINT WARNING * * *
The torpor snail barely misses you.
The scorpion is engulfed in freezing vapours.
The scorpion closely misses you. Urug misses you. The torpor snail bites you!!
You die...

......... .... #.
........ #...
#.####.....# #...
..........###....
..#.......##.#.#.
####.##..#........#. #.#
#..#.#P..#........#.
.#...#s○o#...#...#......
...>.Bw@........###.....
##...##†.....######.....
#.# #..#...# #P.....
#...#...# ##.....
#.......# #....P#
..........#......≈≈
...........#..P.§§§≈
#................≈≈≈
#................#≈≈


You could see Urug, a torpor snail, a scorpion and a giant cockroach.

Vanquished Creatures
  2 two-headed ogres
  2 oklob plants
  A black mamba (Lair:1)
  Maggie (D:8)
  3 kobold demonologists
  2 freezing wraiths (D:9)
  2 ice devils (D:9)
  A hornet (D:9)
  4 wyverns
  5 yaks (Lair:1)
  A steam dragon (D:7)
  An acid dragon (D:10)
  2 orc warriors
  7 black bears
  An ogre (D:5)
  6 wolves (Lair:1)
  A centaur (D:5)
  Blork the orc (D:4)
  2 necrophages
  6 bullfrogs
  2 gnoll sergeants (D:6)
  7 scorpions
  10 killer bees
  6 howler monkeys
  2 lava snakes (D:7)
  2 hounds
  Crazy Yiuf (D:6)
  An orc priest (D:10)
  A gnoll bouda (D:8)
  Natasha (thrice) (D:4)
  2 iguanas
  3 orc wizards
  13 gnolls
  5 adders
  6 white imps
  21 orcs
  5 ball pythons
  7 endoplasms
  4 giant cockroaches
  11 hobgoblins
  2 jackals (D:1)
  5 quokkas
  4 bats
  3 frilled lizards
  7 goblins
  5 kobolds
  4 rats
193 creatures vanquished.

Vanquished Creatures (others)
  4 fungi
  16 plants
20 creatures vanquished.

Grand Total: 213 creatures vanquished

Notes
Turn   | Place    | Note
-------+----------+-------------------------------------------
     0 | D:1      | Smoke131 the Ogre Gladiator began the quest for the Orb.
     0 | D:1      | Reached XP level 1. HP: 22/22 MP: 1/1
   156 | D:1      | Reached skill level 3 in Fighting
   183 | D:1      | Reached XP level 2. HP: 21/31 MP: 2/2
   476 | D:1      | Reached XP level 3. HP: 21/37 MP: 3/3
  1269 | D:2      | Reached XP level 4. HP: 34/48 MP: 4/4
  1506 | D:2      | Reached skill level 4 in Fighting
  1879 | D:3      | Found Zoklib's Assorted Antiques.
  1957 | D:3      | Found a faded altar of an unknown god.
  2057 | D:3      | Reached XP level 5. HP: 48/55 MP: 5/5
  2337 | D:4      | Noticed a black bear
  2341 | D:4      | Noticed Natasha
  2417 | D:3      | Killed a black bear
  2418 | D:3      | Reached skill level 5 in Fighting
  2582 | D:4      | Killed Natasha
  2583 | D:4      | Reached XP level 6. HP: 60/66 MP: 6/6
  2590 | D:4      | Noticed Natasha
  2599 | D:4      | Killed Natasha
  2696 | D:4      | Found Baemann's General Store.
  2711 | D:4      | Found Noshrull's Specific Store.
  2766 | D:4      | Noticed Blork the orc
  2777 | D:4      | Killed Blork the orc
  2877 | D:4      | Found a runed translucent door.
  2880 | D:4      | Noticed xian's ghost (amateur TrFi)
  2881 | D:4      | Noticed Natasha
  2888 | D:4      | Killed Natasha
  2908 | D:4      | Found Begatz's Assorted Antiques.
  2916 | D:4      | Found Sonlewal's Armour Shoppe.
  2918 | D:4      | Found Harak's Book Emporium.
  3031 | D:4      | Found a glowing golden altar of the Shining One.
  3138 | D:5      | Entered Level 5 of the Dungeon
  3166 | D:5      | Reached skill level 6 in Fighting
  3166 | D:5      | Reached XP level 7. HP: 56/75 MP: 7/7
  3276 | D:3      | Bought a pitted falchion for 240 gold pieces
  3276 | D:3      | Identified the +6 falchion of Recklessness {pain, SInv}
                  | (You bought it in a shop on level 3 of the Dungeon)
  3330 | D:5      | Reached skill level 5 in Dodging
  3429 | D:5      | Reached skill level 5 in Throwing
  3429 | D:5      | Found a staircase to the Ecumenical Temple.
  3468 | Temple   | Entered the Ecumenical Temple
  3474 | Temple   | Became a worshipper of Warmaster Okawaru
  3747 | D:5      | Reached skill level 7 in Fighting
  4011 | D:5      | Reached skill level 1 in Invocations
  4011 | D:5      | Reached XP level 8. HP: 54/87 MP: 7/9
  4445 | D:6      | Reached * piety under Okawaru
  4734 | D:6      | Reached skill level 8 in Fighting
  4812 | D:6      | Found Impaq's Magic Scroll Shop.
  4816 | D:6      | Bought a scroll of identify for 20 gold pieces
  4816 | D:6      | Bought a scroll of identify for 20 gold pieces
  4816 | D:6      | Bought a scroll of identify for 20 gold pieces
  4965 | D:6      | Found a runed translucent door.
  4966 | D:6      | Noticed Crazy Yiuf
  4986 | D:6      | Killed Crazy Yiuf
  5175 | D:7      | Reached XP level 9. HP: 94/97 MP: 11/11
  5270 | D:7      | Found a hide-covered altar of Uskayaw.
  5916 | D:7      | Reached ** piety under Okawaru
  5917 | D:7      | Reached skill level 9 in Fighting
  6210 | D:7      | Reached skill level 5 in Invocations
  6605 | D:8      | Found an ancient bone altar of Kikubaaqudgha.
  6605 | D:8      | Found a bloodstained altar of Trog.
  6610 | D:8      | Found a shimmering altar of Xom.
  6612 | D:8      | Found a broken altar of Ashenzari.
  6706 | D:8      | Noticed a two-headed ogre
  6734 | D:8      | Killed a two-headed ogre
  6805 | D:8      | Reached XP level 10. HP: 110/110 MP: 14/14
  6819 | D:8      | Found a burning altar of Makhleb.
  6824 | D:8      | Found a shadowy altar of Dithmenos.
  6922 | D:8      | Noticed Maggie
  6930 | D:8      | Killed Maggie
  6930 | D:8      | Reached *** piety under Okawaru
  6931 | D:8      | Reached skill level 10 in Fighting
  7289 | D:9      | Found a staircase to the Orcish Mines.
  7307 | D:9      | Paralysed by a hornet for 1 turns
  7311 | D:9      | Paralysed by a hornet for 1 turns
  7620 | D:9      | Found the +8 frozen axe "Frostbite" {freeze, freezing
                  | cloud, *Noise Fly rC+}
  7670 | D:9      | Reached **** piety under Okawaru
  7739 | D:9      | Received a gift from Okawaru
  8148 | D:10     | Entered Level 10 of the Dungeon
  8148 | D:10     | Noticed a two-headed ogre
  8157 | D:10     | Killed a two-headed ogre
  8187 | D:10     | Noticed a kobold demonologist
  8266 | D:10     | Found a staircase to the Lair.
  8266 | D:10     | Noticed a kobold demonologist
  8291 | D:9      | Killed a kobold demonologist
  8316 | D:10     | Noticed a kobold demonologist
  8321 | D:10     | Noticed an oklob plant
  8336 | D:10     | Noticed a sun demon
  8362 | D:9      | Killed a kobold demonologist
  8363 | D:9      | Reached XP level 11. HP: 116/117 MP: 15/17
  8417 | D:10     | Killed an oklob plant
  8475 | D:10     | Noticed a soul eater
  8476 | D:10     | Reached ***** piety under Okawaru
  8516 | D:10     | Found a glowing silver altar of Zin.
  9076 | Lair:1   | Entered Level 1 of the Lair of Beasts
  9170 | Lair:1   | Received a gift from Okawaru
  9285 | Lair:1   | Reached skill level 5 in Axes
  9310 | Lair:1   | Received a gift from Okawaru
  9400 | Lair:1   | Found a sacrificial altar of Ru.
  9400 | Lair:1   | Noticed an oklob plant
  9476 | Lair:1   | Killed an oklob plant
  9650 | Lair:1   | Found a runed translucent gate.
  9650 | Lair:1   | Found a runed translucent gate.
  9650 | Lair:1   | Found a runed translucent gate.
  9653 | Lair:1   | Noticed domi's ghost (journeyman DsCj)
  9940 | Lair:2   | Found a hole to the Spider Nest.
  9946 | Lair:2   | Noticed Urug
  9950 | Lair:2   | HP: 5/117 [Urug/+0 scimitar of flaming (7)]
  9950 | Lair:2   | Demolished by a torpor snail

Illustrated notes

Levels and vault maps discovered:
D:1:      wander_arrival_peaceful_grave, layout_basic,
          dreamdust_mushroom_princess
D:2:      layout_basic
D:3:      layout_rooms, nicolae_ecumenical_pavilion, serial_shops,
          nicolae_shop_hallway_stairs
D:4:      layout_rooms, marbit_many_paths, hellmonk_ghost_happy_afterlife,
          nicolae_specific_store, nicolae_wooded_promenade, uniq_blork_the_orc,
          uniq_natasha
D:5:      layout_loops_ring, minmay_temple_entry_glassed_door
D:6:      layout_basic, serial_shops, kennysheep_mini_moat,
          uniq_crazy_yiuf_cottage
D:7:      nicolae_cairo_tiling_large_dashed, layout_cave_pods,
          mainiacjoe_overflow_24_doors, kennysheep_diamond
D:8:      layout_rooms, nicolae_overflow_hallway_of_the_gods, uniq_maggie
D:9:      layout_cave_pools, orc_david_3, hellmonk_guarded_unrand_frostbite
D:10:     layout_basic, zin_statuary, dpeg_oklobed_lair
Temple:   compressed_dpeg_triangle_lava_temple
Lair:1:   layout_chaotic_city, gammafunk_ghost_necromancy, lemuel_oklob_altar
Lair:2:   layout_gridlike, swamp_mist, nicolae_spider_entry_non_spiders,
          lemuel_centaur_altar, uniq_urug

Skill      XL: |  1  2  3  4  5  6  7  8  9 10 11 |
---------------+----------------------------------+-----
Fighting       | 3 4 5 6 7 8 9 10 | 10.0
Dodging        | 3 4 5 6 7 8 9 |  9.2
Throwing       | 3 4 5 6 7 9 |  9.7
Invocations    | 1 3 5 8 |  8.8
Axes           | 4 5 |  5.4

Action                     |  1- 3 |  4- 6 |  7- 9 | 10-12 || total
---------------------------+-------+-------+-------+-------++-------
  Melee: War axe           |   111 |   103 |   236 |       ||   450
         Punch             |     1 |     1 |     6 |     1 ||     9
         Trident           |       |       |    99 |    70 ||   169
         Executioner's axe |       |       |       |    92 ||    92
  Throw: Large rock        |       |     2 |    13 |    33 ||    48
         Boomerang         |       |       |     9 |     2 ||    11
         Throwing net      |       |       |     1 |     4 ||     5
         Dart              |       |       |       |    15 ||    15
         Stone             |       |       |       |     8 ||     8
         Javelin           |       |       |       |     3 ||     3
 Invoke: Heroism           |       |       |       |     1 ||     1
  Evoke: Wand              |       |     2 |     2 |     9 ||    13
    Use: Scroll            |       |     4 |    12 |     8 ||    24
         Potion            |       |     1 |     3 |     1 ||     5
   Stab: Sleeping          |       |     1 |       |       ||     1
         Invisible         |       |     1 |     1 |     1 ||     3
 Armour: Robe              |    42 |    31 |   156 |       ||   229
         Steam dragon scal |       |       |       |   101 ||   101
  Dodge: Dodged            |    80 |    80 |   265 |   208 ||   633

Table legend: (Time is in decaauts)
 A = Elapsed time spent in this place.
 B = Non-inter-level travel time spent in this place.
 C = Inter-level travel time spent in this place.
 D = Time resting spent in this place.
 E = Time spent auto-exploring this place.
 F = Levels seen in this place.
 G = Mean time per level.
                   A        B        C        D        E       F      G
               +--------+--------+--------+--------+--------+-----+--------+
         Total |  10303 |   9916 |    387 |   1367 |   5335 |  13 |  792.5 |
       Dungeon |   9379 |   8992 |    387 |   1241 |   4731 |  10 |  937.9 |
        Temple |     19 |     19 |      0 |      0 |      6 |   1 |   19.0 |
          Lair |    904 |    904 |      0 |    126 |    598 |   2 |  452.0 |
               +--------+--------+--------+--------+--------+-----+--------+

Top non-repeatable levels by time:
     D:7: 1366 daAuts
     D:9: 1179 daAuts
     D:6: 1120 daAuts
     D:1: 997 daAuts
     D:5: 984 daAuts
    D:10: 891 daAuts
  Lair:1: 852 daAuts
     D:3: 827 daAuts
     D:2: 818 daAuts
     D:4: 632 daAuts
     D:8: 560 daAuts
  Lair:2: 51 daAuts
  Temple: 19 daAuts
